 Dungeon Crawl Stone Soup version 0.27-a0-291-gd9602db6ee (webtiles) character file.

Game seed: 11816238193683032579

96 puppykicker the Ruffian (level 4, -5/43 (45) HPs)
             Began as an Ogre Transmuter on Feb 9, 2021.
             Slain by a wight
             ... wielding a +0 battleaxe
              (13 damage)
             ... on level 3 of the Dungeon.
             The game lasted 00:08:10 (2331 turns).

puppykicker the Ruffian (Ogre Transmuter)           Turns: 2331, Time: 00:08:11

HP:   -5/43 (45)    AC:  4    Str: 15    XL:     4   Next: 67%
MP:   7/7           EV: 10    Int: 14    God:
Gold: 118           SH:  0    Dex:  9    Spells: 2/8 levels left

rFire    . . .     SeeInvis .   s - +0 mace (curse)
rCold    . . .     Faith    .   (no shield)
rNeg     . . .     Spirit   .   a - +0 robe
rPois    .         Reflect  .   (helmet restricted)
rElec    .         Harm     .   k - +0 cloak
rCorr    .         Rampage  .   (gloves unavailable)
Will     .....                  (boots unavailable)
Stlth    +.........             (no amulet)
HPRegen  0.14/turn              (no ring)
MPRegen  0.10/turn              (no ring)

@: lightly drained
A: large, unfitting armour, tough skin 1
a: no special abilities


You were on level 3 of the Dungeon.
You visited 1 branch of the dungeon, and saw 3 of its levels.

You collected 118 gold pieces.

Inventory:

Hand Weapons
 c - a +1 whip of electrocution
 s - a cursed +0 mace (weapon)
 t - a cursed -1 mace
 u - a +1 vorpal mace
Missiles
 i - 24 poisoned darts (quivered)
 p - 8 atropa-tipped darts
Armour
 a - a +0 robe (worn)
 k - a +0 cloak (worn)
Potions
 b - 2 potions of curing {unknown}
 d - a potion of resistance {unknown}
 g - a potion of haste {unknown}
 m - a potion of flight
 n - a potion of berserk rage {unknown}
 q - a potion of cancellation {unknown}
 r - 2 potions of degeneration {unknown}


   Skills:
 + Level 3.0 Fighting
 - Level 1.7 Dodging
 * Level 3.8 Unarmed Combat
 - Level 2.5 Spellcasting
 + Level 2.6 Transmutations


You had 2 spell levels left.
You knew the following spells:

 Your Spells              Type           Power        Failure   Level
a - Beastly Appendage     Tmut           18%          8%          1
c - Spider Form           Tmut/Pois      2%           36%         3
w - Wereblood             Tmut           9%           12%         2

Your spell library contained the following spells:

 Spells                   Type           Power        Failure   Level
 Ice Form                 Ice/Tmut       5%           78%         4
 Blade Hands              Tmut           4%           91%         5


Dungeon Overview and Level Annotations

Branches:
Dungeon (3/15)

Altars:
Gozag
Ru
Sif Muna
Wu Jian


Innate Abilities, Weirdness & Mutations

You are too large for most types of armour.
You have tough skin. (AC +1)


Message History

You hit the wight but do no damage. You claw the wight, but do no damage.
You headbutt the wight. The wight hits you with a +0 battleaxe!
* * * LOW HITPOINT WARNING * * *
You feel drained.
* * * LOW HITPOINT WARNING * * *
You take 11 damage, and have 15/43 hp.
MASSIVE DAMAGE!!
You are too injured to fight recklessly!
You are too injured to fight recklessly!
Unknown command.
You barely miss the wight. The wight completely misses you.
You hit the wight. The wight hits you with a +0 battleaxe!
* * * LOW HITPOINT WARNING * * *
You take 7 damage, and have 8/43 hp.
You closely miss the wight. You claw the wight.
The wight completely misses you.
You closely miss the wight.
Your horns disappear.
Your talons disappear.
The wight hits you with a +0 battleaxe!
You die...

#S#..#.# .. ....# #.
....# #. #.#.# ########.
#.#.# ###.. ..#.##.#.#
..[# #.#......## #
####.####.###.....#
#.#.##.@z..>........##.#
#......##.####.###.###.#
###.#####.# #.# #.#....
# #.. ..# #.#.#.#
..###### #.#.#.# ###
#.....# ####.###
#....... #.##.##.


You could see a wight.

Levels and vault maps discovered:
D:1:      scummos_arrival_checkerplants, layout_rooms, serial_bayou_pond_e
D:2:      layout_loops_ring, nicolae_ru_sacrificial_ziggurat,
          grunt_temple_overflow_diamond, chequers_serial_rivers_micro_a,
          minmay_quantized, uniq_crazy_yiuf_cottage
D:3:      layout_loops_cross

Notes
Turn   | Place    | Note
-------+----------+-------------------------------------------
     0 | D:1      | puppykicker the Ogre Transmuter began the quest for the
                  | Orb.
     0 | D:1      | Reached XP level 1. HP: 19/19 MP: 3/3
    22 | D:1      | Identified a cursed +0 club
   123 | D:1      | Reached XP level 2. HP: 28/28 MP: 3/5
   131 | D:1      | Identified a +0 whip
   132 | D:1      | Reached skill level 3 in Unarmed Combat
   132 | D:1      | Reached skill level 2 in Transmutations
   138 | D:1      | Learned a level 2 spell: Wereblood
   385 | D:1      | Reached skill level 2 in Fighting
   530 | D:1      | Identified a +0 short sword
   687 | D:1      | Identified a +0 club
   705 | D:1      | Reached XP level 3. HP: 35/35 MP: 4/6
   709 | D:1      | Learned a level 3 spell: Spider Form
   798 | D:1      | Identified a +0 cloak (You found it on level 1 of the
                  | Dungeon)
   931 | D:2      | Identified a +0 short sword
  1115 | D:2      | Identified a +0 club
  1396 | D:2      | Found a sacrificial altar of Ru.
  1754 | D:2      | Reached XP level 4. HP: 34/44 MP: 4/7
  1780 | D:2      | Found an ornate altar of the Wu Jian Council.
  1785 | D:2      | Found a shimmering blue altar of Sif Muna.
  1789 | D:2      | Found an opulent altar of Gozag.
  2011 | D:2      | Found a runed translucent door.
  2015 | D:2      | Identified a +2 quarterstaff of chaos
  2015 | D:2      | Identified a +0 cloak
  2015 | D:2      | Noticed Crazy Yiuf
  2027 | D:2      | Killed Crazy Yiuf
  2142 | D:2      | Identified a cursed +0 mace (You found it on level 2 of the
                  | Dungeon)
  2143 | D:2      | Identified a scroll of noise
  2144 | D:2      | Identified a scroll of fog
  2145 | D:2      | Identified a scroll of magic mapping
  2146 | D:2      | Identified a scroll of fear
  2147 | D:2      | Identified a scroll of blinking
  2148 | D:2      | Identified a scroll of identify
  2148 | D:2      | Identified a potion of flight
  2247 | D:3      | Identified a +0 ring mail
  2268 | D:3      | Reached skill level 3 in Fighting
  2299 | D:3      | Identified a +0 battleaxe
  2299 | D:3      | Identified a +0 robe
  2329 | D:3      | HP: 8/43 [wight/+0 battleaxe (8)]
  2331 | D:3      | Slain by a wight

Table legend: (Time is in decaauts)
 A = Elapsed time spent in this place.
 B = Non-inter-level travel time spent in this place.
 C = Inter-level travel time spent in this place.
 D = Time resting spent in this place.
 E = Time spent auto-exploring this place.
 F = Levels seen in this place.
 G = Mean time per level.
                   A        B        C        D        E       F      G
               +--------+--------+--------+--------+--------+-----+--------+
         Total |   2318 |   2149 |    169 |    583 |   1215 |   3 |  772.7 |
       Dungeon |   2318 |   2149 |    169 |    583 |   1215 |   3 |  772.7 |
               +--------+--------+--------+--------+--------+-----+--------+

Top non-repeatable levels by time:
     D:2: 1336 daAuts
     D:1: 826 daAuts
     D:3: 155 daAuts

Table legend:
 A = Kills in this place as a percentage of kills in entire the game.
 B = Kills by you in this place as a percentage of kills by you in the entire game.
 C = Kills by friends in this place as a percentage of kills by friends in the entire game.
 D = Other kills in this place as a percentage of other kills in the entire game.
 E = Experience gained in this place as a percentage of experience gained in the entire game.
 F = Experience gained in this place divided by the number of levels of this place that you have seen.
                   A       B       C       D       E      F
               +-------+-------+-------+-------+-------+----------------------
         Total | 100.0 | 100.0 |   N/A |   N/A | 100.0 |  46.0
       Dungeon | 100.0 | 100.0 |   N/A |   N/A | 100.0 |  46.0
               +-------+-------+-------+-------+-------+----------------------

Skill      XL: |  1  2  3  4 |
---------------+-------------+-----
Unarmed Combat | 3 |  3.8
Transmutations | 2 |  2.6
Fighting       | 2 3 |  3.0
Dodging        | |  1.7
Spellcasting   | |  2.5

Action                   |  1- 3 |  4- 6 || total
-------------------------+-------+-------++-------
Melee: Unarmed           |   115 |    11 ||   126
       Kick              |    28 |     7 ||    35
       Headbutt          |    12 |     4 ||    16
       Mace              |       |    22 ||    22
       Punch             |       |     1 ||     1
 Cast: Beastly Appendage |    20 |     4 ||    24
       Spider Form       |       |     1 ||     1
  Use: Scroll            |       |     6 ||     6
Armor: Robe              |    30 |     1 ||    31
Dodge: Dodged            |    54 |    20 ||    74

Vanquished Creatures
  Crazy Yiuf (D:2)
  2 adders (D:2)
  2 dart slugs (D:1)
  2 worms (D:2)
  2 leopard geckos (D:2)
  An orc (D:3)
  A ball python (D:1)
  3 bats
  5 giant cockroaches
  2 goblins
  6 hobgoblins
  A quokka (D:2)
  2 frilled lizards
  6 kobolds
  3 rats
39 creatures vanquished.

Vanquished Creatures (others)
  A fungus (D:2)
1 creature vanquished.

Grand Total: 40 creatures vanquished
